 Dungeon Crawl Stone Soup version 0.30-a0-374-g95c0257040 (webtiles) character file.

Game seed: 8380792474312339426

840 pokeman the Thaumaturge (level 7, -2/39 HPs)
             Began as a Deep Elf Hedge Wizard on Nov 25, 2022.
             Killed from afar by Crazy Yiuf (7 damage)
             ... with a bolt of light
             ... on level 5 of the Dungeon.
             The game lasted 00:09:41 (4505 turns).

pokeman the Thaumaturge (Deep Elf Hedge Wizard)     Turns: 4505, Time: 00:09:42

Health: -2/39      AC:  5    Str:  7    XL:     7   Next: 67%
Magic:  20/20      EV: 12    Int: 21    God:
Gold:   6          SH:  0    Dex: 14    Spells: 10/22 levels left

rFire   . . .      SeeInvis .    j - +9 sling of Disintegration {elec, rN+++}
rCold   + . .      Faith    .    (no shield)
rNeg    + + +      Spirit   .    w - +0 leather armour {Will+}
rPois   .          Reflect  .    c - +0 hat
rElec   .          Harm     .    (no cloak)
rCorr   +          Rampage  .    i - +0 pair of gloves
Will    +....                    f - +0 pair of boots
Stlth   ++........               (no amulet)
HPRegen 0.26/turn                m - ring of resist corrosion
MPRegen 0.17/turn                r - ring of protection from cold

@: no status effects
A: no striking features
a: no special abilities


You were on level 5 of the Dungeon.
You visited 1 branch of the dungeon, and saw 5 of its levels.

You collected 196 gold pieces.
You spent 190 gold pieces at shops.

Inventory:

Hand Weapons
 j - the +9 sling of Disintegration (weapon) {elec, rN+++}
   (You found it on level 3 of the Dungeon)

   Any ammunition fired from it occasionally discharges a powerful burst of
   electricity upon striking a foe.
   rN:        It renders you almost immune to negative energy.
Missiles
 v - 6 curare-tipped darts
Armour
 c - a +0 hat (worn)
 f - a +0 pair of boots (worn)
 i - a +0 pair of gloves (worn)
 w - a +0 leather armour of willpower (worn)
Jewellery
 m - a ring of resist corrosion (left hand)
 r - a ring of protection from cold (right hand)
 s - a ring of fire
Scrolls
 a - 2 scrolls of summoning {unknown}
 b - 2 scrolls of magic mapping
 e - 10 scrolls of identify {unknown}
 h - 2 scrolls of enchant armour {unknown}
 n - 4 scrolls of teleportation {unknown}
 q - 2 scrolls of vulnerability {unknown}
 u - a scroll of brand weapon {unknown}
Potions
 d - a potion of magic
 g - 2 potions of ambrosia {unknown}
 k - a potion of mutation {unknown}
 l - 4 potions of resistance {unknown}
 o - a potion of heal wounds
 p - 2 potions of curing {unknown}
 t - a potion of lignification {unknown}


   Skills:
 + Level 1.8 Fighting
 - Level 1.1 Armour
 - Level 3.2 Dodging
 - Level 3.1 Stealth
 * Level 8.4 Spellcasting
 + Level 4.2 Conjurations
 - Level 1.1 Summonings
 - Level 1.1 Translocations
 + Level 3.0 Fire Magic
 - Level 1.1 Air Magic
 - Level 1.1 Poison Magic


You had 10 spell levels left.
You knew the following spells:

 Your Spells              Type           Power      Damage    Failure   Level
a - Magic Dart            Conj           100%       1d8       1%          1
b - Mephitic Cloud        Conj/Pois/Air  18%        N/A       14%         3
c - Call Imp              Summ           13%        N/A       11%         2
d - Blink                 Tloc           26%        N/A       11%         2
e - Flame Wave            Conj/Fire      24%        2d8       24%         4

Your spell library contained the following spells:

 Spells                   Type           Power      Damage    Failure   Level
 Scorch                   Fire           42%        2d7       4%          2
 Slow                     Hex            32%        N/A       11%         1
 Cigotuvi's Dreadful Rot  Necr/Pois/Air  24%        N/A       12%         2
 Summon Cactus Giant      Summ           6%         N/A       100%        6


Dungeon Overview and Level Annotations

Branches:
Dungeon (5/15)
 Temple: D:4-7

Altars:

Shops:
D:3 !   D:5 ?

Annotations:
D:5 Crazy Yiuf


Message History

You can access your shopping list by pressing '$'.
There is an open door here.
There is a stone staircase leading down here.
You see here a +0 quarterstaff.
You see here a +0 short sword of speed.
Found a hammer.
Found a hammer.
Found a runed translucent door.
Crazy Yiuf shouts!
Crazy Yiuf grits, "Snurf hog tortoise!"
Crazy Yiuf flaps his cloak.
You see here a +0 hammer.
You see here a +0 short sword of speed.
You see here a +0 quarterstaff.
You see here a +0 robe.
Things that are here:
a +1 flail of protection; a +0 ring mail
There is a stone staircase leading up here.
You see here a +0 quarterstaff.
You see here a +0 short sword of speed.
Crazy Yiuf shouts!
You open the door.
Crazy Yiuf says, "Crazy?
Crazy!?
PORCUPINE!"
Crazy Yiuf zaps a wand.
The bolt of light hits you!
You are confused.
You're too confused to cast spells.
You bump into the stone wall.
Crazy Yiuf grits, "Millenium mobile snail!"
Crazy Yiuf zaps a wand.
The bolt of light hits you!!
Ouch! That really hurt!
* * * LOW HITPOINT WARNING * * *
Crazy Yiuf is nearby!
Crazy Yiuf is nearby!
You're too confused to cast spells.
Crazy Yiuf is nearby!
Crazy Yiuf is nearby!
You feel less confused.
Crazy Yiuf says, "Defame horse horse!"
Crazy Yiuf zaps a wand.
The bolt of light hits you!
You die...

....# ##.##
.####
#)..## .#
#....# .#
##..## .#
#.)..# .#
##...# .#
##.##
#########
.########
##.#
#.......#
#.......#
#@##
#.#####.#
#..####.#
##.#
#.#####.#
#.<####.###
#.##
#.......#
#..#......#
#'#
#....##.#
#..#.##.###
.g.
#.......#
#..#[##.#
#...#
#.......#
#.......#
#)..#
#.......#
####.####
#####
#.......#
##.##
##...####


You could see Crazy Yiuf.

Vanquished Creatures
  Edmund (D:5)
  2 ogres
  A centaur (D:5)
  The ghost of Cancer the Digger, an amateur GrEE (D:3)
  A scorpion (D:5)
  A howler monkey (D:4)
  A hound (D:5)
  An iguana (D:5)
  3 orc wizards
  6 adders
  2 white imps
  4 worms
  4 dart slugs
  15 orcs
  8 ball pythons
  5 endoplasms
  3 giant cockroaches
  4 goblins
  4 hobgoblins
  4 jackals (D:4)
  5 quokkas
  3 bats
  A frilled lizard (D:2)
  7 kobolds
  6 rats
93 creatures vanquished.

Vanquished Creatures (others)
  57 plants (D:3)
57 creatures vanquished.

Grand Total: 150 creatures vanquished

Notes
Turn   | Place    | Note
-------+----------+-------------------------------------------
     0 | D:1      | pokeman the Deep Elf Hedge Wizard began the quest for the
                  | Orb.
     0 | D:1      | Reached XP level 1. HP: 10/10 MP: 7/7
   255 | D:1      | Reached XP level 2. HP: 15/15 MP: 3/9
  1087 | D:2      | Reached skill level 5 in Spellcasting
  1140 | D:2      | Reached XP level 3. HP: 15/20 MP: 4/11
  1144 | D:2      | Learned a level 3 spell: Mephitic Cloud
  1147 | D:2      | Learned a level 2 spell: Call Imp
  1150 | D:2      | Learned a level 2 spell: Blink
  1357 | D:2      | Reached skill level 1 in Fighting
  1386 | D:2      | Reached skill level 1 in Armour
  1733 | D:3      | Found Ochuperr's Distillery.
  1737 | D:3      | Bought a potion of heal wounds for 65 gold pieces
  1737 | D:3      | Bought a potion of degeneration for 13 gold pieces
  1836 | D:3      | Identified the +9 sling of Disintegration {elec, rN+++}
  2069 | D:3      | Found a large runed translucent door.
  2070 | D:3      | Found a large runed translucent door.
  2072 | D:3      | Noticed Cancer's ghost (amateur GrEE)
  2105 | D:3      | Reached XP level 4. HP: 25/25 MP: 13/13
  2168 | D:3      | Learned a level 4 spell: Flame Wave
  2567 | D:3      | Killed Cancer's ghost
  2568 | D:3      | Reached skill level 6 in Spellcasting
  2568 | D:3      | Reached XP level 5. HP: 14/29 MP: 9/15
  2699 | D:4      | Noticed an ogre
  2928 | D:4      | HP: 1/29 [poisoned by an adder]
  3093 | D:4      | Killed an ogre
  3094 | D:4      | Reached skill level 1 in Fire Magic
  3094 | D:4      | Reached skill level 1 in Air Magic
  3094 | D:4      | Reached XP level 6. HP: 34/34 MP: 14/17
  3181 | D:4      | Reached skill level 7 in Spellcasting
  3562 | D:5      | Entered Level 5 of the Dungeon
  3562 | D:5      | Noticed Edmund
  3603 | D:5      | Reached skill level 1 in Poison Magic
  3645 | D:5      | Reached XP level 7. HP: 38/38 MP: 20/20
  3786 | D:5      | Killed Edmund
  3787 | D:5      | Reached skill level 8 in Spellcasting
  4244 | D:5      | Found Honnali's Magic Scroll Shoppe.
  4247 | D:5      | Bought a scroll of magic mapping for 112 gold pieces
  4292 | D:5      | Found a runed translucent door.
  4293 | D:5      | Noticed Crazy Yiuf
  4505 | D:5      | Killed from afar by Crazy Yiuf

Illustrated notes

Levels and vault maps discovered:
D:1:      dpeg_arrival_tiny_a, layout_basic, serial_bayou_ford_a
D:2:      layout_rooms
D:3:      layout_basic, serial_shops, nicolae_shop_behind_doors,
          ebering_ghost_disaster_area, kennysheep_boxes
D:4:      layout_basic, serial_glass, glass_columns_c, glass_columns_c,
          glass_columns_b, glass_columns_a, glass_columns_a
D:5:      layout_loops_cross, serial_shops, nicolae_shop_window_shopping,
          minivault_1, roderic_roman_lattice, uniq_crazy_yiuf_cottage,
          uniq_edmund

Skill      XL: |  1  2  3  4  5  6  7 |
---------------+----------------------+-----
Spellcasting   | 5 6 7 8 |  8.4
Fighting       | 1 |  1.8
Armour         | 1 |  1.1
Conjurations   | 2 3 4 |  4.2
Dodging        | 3 |  3.2
Stealth        | 3 |  3.1
Fire Magic     | 1 2 3 |  3.0
Air Magic      | 1 |  1.1
Poison Magic   | 1 |  1.1
Summonings     | |  1.1
Translocations | |  1.1

Action                   |  1- 3 |  4- 6 |  7- 9 || total
-------------------------+-------+-------+-------++-------
Melee: Dagger            |     8 |       |       ||     8
 Fire: Sling             |    43 |   102 |    39 ||   184
 Cast: Magic Dart        |    56 |     2 |       ||    58
       Mephitic Cloud    |     1 |     4 |     3 ||     8
       Blink             |       |     2 |       ||     2
       Call Imp          |       |     2 |       ||     2
Armor: Robe              |     7 |     6 |     2 ||    15
Dodge: Dodged            |     8 |    12 |     2 ||    22

Table legend: (Time is in decaauts)
 A = Elapsed time spent in this place.
 B = Non-inter-level travel time spent in this place.
 C = Inter-level travel time spent in this place.
 D = Time resting spent in this place.
 E = Time spent auto-exploring this place.
 F = Levels seen in this place.
 G = Mean time per level.
                   A        B        C        D        E       F      G
               +--------+--------+--------+--------+--------+-----+--------+
         Total |   4583 |   4325 |    258 |     80 |   3589 |   5 |  916.6 |
       Dungeon |   4583 |   4325 |    258 |     80 |   3589 |   5 |  916.6 |
               +--------+--------+--------+--------+--------+-----+--------+

Top non-repeatable levels by time:
     D:1: 1091 daAuts
     D:3: 1087 daAuts
     D:5: 928 daAuts
     D:4: 877 daAuts
     D:2: 599 daAuts
